 Dungeon Crawl Stone Soup version 0.26-a0-487-gbff1e92059 (webtiles) character file.

Game seed: 6121915334879340416

21 Lovable the Firebug (level 2, -3/20 HPs)
             Began as a Demigod Fire Elementalist on Aug 2, 2020.
             Slain by a hobgoblin
             ... wielding a +0 club
              (6 damage)
             ... on level 1 of the Dungeon.
             The game lasted 00:01:34 (1121 turns).

Lovable the Firebug (Demigod Fire Elementalist)     Turns: 1121, Time: 00:01:34

Health: -3/20      AC:  2    Str: 11    XL:     2   Next: 48%
Magic:  7/7        EV: 12    Int: 19    God:
Gold:   15         SH:  0    Dex: 16    Spells: 4/5 levels left

rFire    . . .     SeeInvis .   b - +0 mace
rCold    . . .     Faith    .   (no shield)
rNeg     . . .     Spirit   .   a - +0 robe
rPois    .         Reflect  .   (no helmet)
rElec    .         Harm     .   (no cloak)
rCorr    .                      (no gloves)
MR       .....                  (no boots)
Stlth    ++........             (no amulet)
HPRegen  0.06/turn              (no ring)
MPRegen  0.10/turn              (no ring)

@: no status effects
A: high mp 1
a: no special abilities


You were on level 1 of the Dungeon.
You visited 1 branch of the dungeon, and saw 1 of its levels.

You collected 15 gold pieces.

Inventory:

Hand Weapons
 b - a +0 mace (weapon)
Armour
 a - a +0 robe (worn)
Scrolls
 d - a scroll of fog {unknown}
Potions
 c - a potion of degeneration {unknown}


   Skills:
 + Level 0.3 Maces & Flails
 + Level 1.9 Dodging
 + Level 1.9 Stealth
 + Level 0.2 Unarmed Combat
 + Level 2.0 Spellcasting
 + Level 1.1 Conjurations
 + Level 3.0 Fire Magic


You had 4 spell levels left.
You knew the following spells:

 Your Spells              Type           Power        Failure   Level
a - Foxfire               Conj/Fire      #...         7%          1

Your spell library contained the following spells:

 Spells                   Type           Power        Failure   Level
 Conjure Flame            Conj/Fire      #.......     22%         3
 Inner Flame              Hex/Fire       #.......     26%         3
 Sticky Flame             Conj/Fire      #.......     56%         4
 Fireball                 Conj/Fire      #.........   89%         5


Dungeon Overview and Level Annotations

Branches:
Dungeon (1/15)


Innate Abilities, Weirdness & Mutations

You have an increased reservoir of magic. (+10% MP)


Message History

The bat hits you but does no damage. The hobgoblin hits you with a +0 club.
The rat bites you.
Things that are here:
a +0 dagger; a goblin corpse The kobold shouts!
The bat hits you.
The kobold throws a stone.
The stone hits you.
* * * LOW HITPOINT WARNING * * *
The hobgoblin barely misses you.
You see here a stone.
The bat closely misses you. The bat hits you but does no damage.
You hit the rat but do no damage. The bat hits you.
* * * LOW HITPOINT WARNING * * *
The bat misses you. The rat bites you.
* * * LOW HITPOINT WARNING * * *
The hobgoblin barely misses you. The bat hits you.
* * * LOW HITPOINT WARNING * * *
You barely miss the rat. The bat barely misses you. The rat barely misses you.
The hobgoblin hits you with a +0 club.
You die...

.. $.. #....####
..## # #........
... .##.......# ..#
......##.# ..# (#
#..#b##?##..# .#
#...........# .#
#.K........# .#
###@r.().>####.####
#.g......)......##
#.......#.........
#.......#...#..#..
#.......#...).....
#.........#......#
#.#####.....).....
#.# #........... #.
#...#......#


You could see a hobgoblin, a bat, a kobold and a rat.

Vanquished Creatures
  An ooze (D:1)
  2 dart slugs (D:1)
  2 giant cockroaches (D:1)
  A ball python (D:1)
  2 bats (D:1)
  4 goblins (D:1)
  3 rats (D:1)
15 creatures vanquished.

Vanquished Creatures (others)
  8 foxfires (D:1)
8 creatures vanquished.

Grand Total: 23 creatures vanquished

Notes
Turn   | Place    | Note
-------+----------+-------------------------------------------
     0 | D:1      | Lovable the Demigod Fire Elementalist began the quest for
                  | the Orb.
     0 | D:1      | Reached XP level 1. HP: 14/14 MP: 5/5
    75 | D:1      | Reached skill level 1 in Conjurations
   835 | D:1      | Reached XP level 2. HP: 20/20 MP: 7/7
   948 | D:1      | Reached skill level 3 in Fire Magic
  1121 | D:1      | Slain by a hobgoblin

Illustrated notes

Levels and vault maps discovered:
D:1:      dpeg_arrival_signposts, layout_loops_ring,
          chequers_serial_rivers_room_a, serial_park_tiny_pond,
          minmay_misc_feat_plants

Skill      XL: |  1  2 |
---------------+-------+-----
Conjurations   | 1 |  1.1
Spellcasting   | 2 |  2.0
Fire Magic     | 3 |  3.0
Maces & Flails | |  0.3
Dodging        | |  1.9
Stealth        | |  1.9
Unarmed Combat | |  0.2

Action                   || total
-------------------------++-------
Melee: Mace              ||    41
       Unarmed           ||    17
 Cast: Foxfire           ||     9
 Stab: Sleeping          ||     3
Armor: Robe              ||    31
Dodge: Dodged            ||    83

Table legend: (Time is in decaauts)
 A = Elapsed time spent in this place.
 B = Non-inter-level travel time spent in this place.
 C = Inter-level travel time spent in this place.
 D = Time resting spent in this place.
 E = Time spent auto-exploring this place.
 F = Levels seen in this place.
 G = Mean time per level.
                   A        B        C        D        E       F      G
               +--------+--------+--------+--------+--------+-----+--------+
         Total |   1141 |   1141 |      0 |    224 |    664 |   1 | 1141.0 |
       Dungeon |   1141 |   1141 |      0 |    224 |    664 |   1 | 1141.0 |
               +--------+--------+--------+--------+--------+-----+--------+

Top non-repeatable levels by time:
     D:1: 1141 daAuts
